AoeStats
← ogipochi_

Nomad

505597260Analyzed
4v4 RM · 23d ago on Sep 10, 2026· 14m 21s· 8 players
Game mode
Random Map
Map size
231×231
Population
200
Speed
Normal
Resources
Standard
Victory
Conquest
Starting age
Dark Age
Ending age
Imperial Age
RankedLock teamsTeams togetherTeam positionsShared explorationLock speedFull tech treeHidden civsTurbo modeCheats
Victory
Defeat
🇺🇸 Vietnamese · United States
815
+14
🇦🇷 Burgundians · Argentina
650
+21
🇵🇪 Portuguese · Peru
621
+22
🇸🇬 Huns · Singapore
561
+25
🇹🇼 Italians · Taiwan
797
-21
🇯🇵 Britons · Japan
776
-21
🇨🇳 Franks · China
747
-20
🇦🇺 Vikings · Australia
737
-20
ogipochi_
4:11 Loom
AussieHoon
6:09 Loom
715113342
4:17 Loom
老多金仙人
4:08 Loom
Sweat Jet13
HELLsing
7:26 Loom
Soldaris
5:13 Loom
15:48 Feudal Age
Pan con Queso
14:15 Feudal Age
15:35 Wheelbarrow
Connection lost

Rejoining the realm…

Still unreachable

The connection could not be restored.

Session expired

The server has moved on; the page needs a fresh start.